 Dungeon Sprint DCSS version 0.28-a0-1429-gf3d713df7a (webtiles) character file.

Game seed: 8178181200908892332

66968 mhtbhm the Shatterer (level 14, -2/160 HPs)
             Began as a Yellow Draconian Berserker on Jan 8, 2022.
             Was the Champion of Trog.
             Shot with an arrow by a deep elf master archer (15 damage)
             ... in the Dungeon (Sprint III: "The Ten Rune Challenge").
             The game lasted 00:20:33 (6790 turns).

mhtbhm the Shatterer (Yellow Draconian Berserker)   Turns: 6790, Time: 00:20:35

Health: -2/160     AC: 15    Str: 28    XL:     14   Next: 32%
Magic:  9/14       EV: 20    Int: 10    God:    Trog [******]
Gold:   181        SH:  0    Dex: 12    Spells: 13/13 levels left

rFire   + . .      SeeInvis +   a - +6 great mace of Killer Klown's Regret {vorpal, rF+ Str+4 SInv}
rCold   . . .      Faith    .   (shield currently unavailable)
rNeg    . . .      Spirit   .   (armour unavailable)
rPois   +          Reflect  .   D - +1 hat {Int+3}
rElec   .          Harm     .   s - +1 cloak {rPois}
rCorr   +          Rampage  .   (no gloves)
Will    +....      NoTele   +   w - +2 pair of boots {Stlth+}
Stlth   ++++++....              x - amulet of regeneration
HPRegen 1.16/turn               (no ring)
MPRegen 0.14/turn               (no ring)

@: weakened, on berserk cooldown, slowed, very slow
A: spit acid, AC +8, unfitting armour, acidic bite, cold-blooded, acid
resistance, see invisible, shaggy fur 1
}: 1/10 runes: serpentine
a: Breathe Acid, Renounce Religion, Berserk, Trog's Hand, Brothers in Arms


You were in the Dungeon.
You worshipped Trog.
Trog was exalted by your worship.
You visited 1 branch You collected 2042 gold pieces.
You spent 1861 gold pieces at shops.

Inventory:

Hand Weapons
 a - the +6 great mace of Killer Klown's Regret (weapon) {vorpal, rF+ Str+4 SInv}
   (Trog gifted it to you in the Dungeon)

   It inflicts extra damage upon your enemies.
   Str:       It affects your strength (+4).
   rF:        It protects you from fire.
   SInv:      It lets you see invisible.
 c - the +8 dire flail of Trog's Brutal Revenge {vorpal, rElec rC+ rN+}
   (Trog gifted it to you in the Dungeon)

   It inflicts extra damage upon your enemies.
   rC:        It protects you from cold.
   rElec:     It insulates you from electricity.
   rN:        It protects you from negative energy.
Missiles
 q - 6 javelins (quivered)
 G - 5 atropa-tipped darts
 H - 5 datura-tipped darts
Armour
 s - a +1 cloak of poison resistance (worn)
 w - a +2 pair of boots of stealth (worn)
 D - a +1 hat of intelligence (worn)
Jewellery
 x - an amulet of regeneration (around neck)
Wands
 n - a wand of charming (10)
 y - a wand of acid (22)
Scrolls
 g - 2 scrolls of blinking
 i - 2 scrolls of holy word
 j - 6 scrolls of identify {unknown}
 l - 2 scrolls of immolation {unknown}
 t - 2 scrolls of enchant weapon
 u - a scroll of fog
 v - 4 scrolls of enchant armour
 z - a scroll of summoning {unknown}
 A - a scroll of torment {unknown}
Potions
 b - 3 potions of curing
 d - 5 potions of haste
 e - 2 potions of magic
 f - 2 potions of berserk rage
 h - 4 potions of mutation
 k - 2 potions of flight
 m - 3 potions of might
 p - a potion of invisibility
 B - a potion of cancellation {unknown}
 C - a potion of lignification {unknown}
 E - 2 potions of attraction {unknown}
Miscellaneous
 o - a tin of tremorstones (2/2)
 F - a phantom mirror


   Skills:
 + Level 24.3 Fighting
 + Level 24.6 Maces & Flails
 + Level 3.0 Throwing
 + Level 18.5 Dodging
 + Level 11.6 Stealth
 + Level 2.1 Evocations


You had 13 spell levels left.
You didn't know any spells.
Your spell library was empty.

Dungeon Overview and Level Annotations

Branches:
Dungeon (1/1)

Altars:
Cheibriados
Dithmenos
Elyvilon
Fedhas
Gozag
Hepliaklqana
Kikubaaqudgha
Makhleb
Nemelex Xobeh
Okawaru
Qazlal
Ru
Sif Muna
Trog
Uskayaw
Vehumet
Wu Jian
Xom
Yredelemnul
Zin
The Shining One
Beogh
Jiyva
Lugonu

Shops:
D [=?*![:=([(![?:


Innate Abilities, Weirdness & Mutations

You can spit globs of acid.
Your golden yellow scales are hard. (AC +8)
You cannot fit into any form of body armour.
You have acidic saliva.
You are cold-blooded and may be slowed by cold attacks.
You are resistant to acid. (rCorr)
You have supernaturally acute eyesight. (SInv)
You are covered in fur. (AC +1)


Message History

Your troll's corpse disappears in a puff of smoke!
The orange demon screeches!
You bludgeon the deep elf demonologist!!
You kill the deep elf demonologist!
Trog accepts your kill.
Trog appreciates your killing of a magic user.
The orange demon disappears in a puff of smoke!
The shadow demon disappears in a puff of smoke!
The neqoxec disappears in a puff of smoke!
The deep elf master archer shoots an arrow.
The arrow hits you!!
Your tin of tremorstones (2/2) has regained one charge.
Your Throwing skill increases to level 3!
Found a manual of Hexes.
The deep elf master archer shoots an arrow.
The arrow hits you!!
* * * LOW HITPOINT WARNING * * *
The deep elf master archer shoots an arrow.
The arrow completely misses you.
Items here: $ ) ? [ †.
You miss the deep elf master archer.
The soul eater draws from the surrounding life force!
* * * LOW HITPOINT WARNING * * *
The deep elf master archer shoots an arrow.
The arrow misses you.
You closely miss the deep elf master archer.
You are no longer berserk.
You are exhausted.
You feel yourself slow down.
The deep elf master archer shoots an arrow.
The arrow hits you!!
* * * LOW HITPOINT WARNING * * *
You bludgeon the deep elf master archer!!
Your bite misses the deep elf master archer.
The deep elf master archer is moderately wounded.
The soul eater draws from the surrounding life force!
* * * LOW HITPOINT WARNING * * *
The deep elf master archer shoots an arrow.
The arrow hits you!
You die...

#######################
...'.#...##...)§).../=#
..##.#...##≈≈≈≈##).##[#
.###.#...≈≈≈..(2)2..#
.# #)#)..##≈≈≈≈##).##:#
## #.([..##..(3e@2..[[#
# ####################
#####################
.#.....#.^.^.))†..≈≈#
##.###.#^....†#†..≈≈###
##.#.[##^.^...#...≈≈≈≈#
..##..).......#...≈≈≈≈#
▓▓▓▓▓▓#^......#.......#
≈≈≈...#.......#.......#


You could see 2 lorocyprocas, a deep elf master archer and a soul eater
(summoned).

Vanquished Creatures
  Boris (D)
  Sigmund (D)
  Rupert (D)
  Gastronok (D)
  Polyphemus (D)
  4 azure jellies (D)
  A nagaraja (D)
  A deep elf demonologist (D)
  A deep elf annihilator (D)
  2 dire elephants (D)
  2 deep elf high priests (D)
  A fire dragon (D)
  Erolcha (D)
  2 hydras (D)
  A naga warrior (D)
  4 anacondas (D)
  4 dancing weapons (D)
  A centaur warrior (D)
  4 death yaks (D)
  2 titan zombies (D)
  Urug (D)
  A death drake (D)
  2 deep elf knights (D)
  An anaconda zombie (D)
  A sea snake (shapeshifter) (D)
  An orb spider (shapeshifter) (D)
  An orange crystal statue (D)
  A spriggan druid (D)
  A spectral iron dragon (D)
  3 deep elf pyromancers (D)
  A lindwurm (D)
  An orc sorcerer (D)
  A deep elf zephyrmancer (D)
  4 crystal guardians (D)
  2 elephants (D)
  6 black mambas (D)
  2 cane toads (D)
  A guardian serpent (D)
  4 statues (D)
  Edmund (D)
  A rime drake (D)
  A komodo dragon (D)
  An anaconda simulacrum (D)
  2 tyrant leeches (D)
  4 spriggan defenders (D)
  A queen bee (D)
  8 blink frogs (D)
  A slime creature (D)
  2 orc high priests (D)
  3 dream sheep (D)
  A shadow (D)
  2 spriggans (D)
  5 redbacks (D)
  An iron troll simulacrum (D)
  A spatial vortex (D)
  2 nagas (D)
  A hydra simulacrum (D)
  2 water moccasins (D)
  A swamp drake (D)
  2 orc warriors (D)
  3 black mamba simulacra (D)
  A necrophage (D)
  5 two-headed ogres (D)
  3 wandering mushrooms (D)
  A water elemental (D)
  32 killer bees (D)
  An electric eel (D)
  A jelly (D)
  3 orc priests (D)
  Jessica (D)
  A necromancer (D)
  A wizard (D)
  4 orc wizards (D)
  A kobold demonologist (D)
  3 humans (D)
  A wolf (D)
  5 adders (D)
  10 orcs (D)
  An endoplasm (D)
  A rat (D)
  A plant (D)
194 creatures vanquished.

Vanquished Creatures (collateral kills)
  A deep elf demonologist (D)
1 creature vanquished.

Vanquished Creatures (others)
  An anaconda zombie (D)
  18 plants (D)
19 creatures vanquished.

Grand Total: 214 creatures vanquished

Notes
Turn   | Place    | Note
-------+----------+-------------------------------------------
     0 | D        | mhtbhm the Draconian Berserker began the quest for the Orb.
     0 | D        | Reached XP level 1. HP: 19/19 MP: 1/1
    46 | D        | Noticed Jessica
    56 | D        | Killed Jessica
    56 | D        | Reached ** piety under Trog
    57 | D        | Reached skill level 5 in Fighting
    57 | D        | Reached XP level 2. HP: 15/29 MP: 2/2
   127 | D        | Reached XP level 3. HP: 32/36 MP: 3/3
   243 | D        | Reached skill level 5 in Maces & Flails
   258 | D        | Gained mutation: You are covered in fur. (AC +1) [potion of
                  | mutation]
   258 | D        | Gained mutation: You have supernaturally acute eyesight.
                  | (SInv) [potion of mutation]
   276 | D        | Noticed a water elemental
   293 | D        | Killed a water elemental
   294 | D        | Reached skill level 5 in Dodging
   294 | D        | Reached XP level 4. HP: 45/45 MP: 4/4
   385 | D        | Found a radiant altar of Vehumet.
   385 | D        | Found a shimmering blue altar of Sif Muna.
   385 | D        | Found an ancient bone altar of Kikubaaqudgha.
   385 | D        | Noticed a wizard
   389 | D        | Killed a wizard
   389 | D        | Reached *** piety under Trog
   390 | D        | Reached XP level 5. HP: 52/52 MP: 5/5
   416 | D        | Found a glowing silver altar of Zin.
   416 | D        | Found a glowing golden altar of the Shining One.
   416 | D        | Found a white marble altar of Elyvilon.
   417 | D        | Noticed a deep elf pyromancer
   419 | D        | Noticed a fire elemental
   419 | D        | Noticed a fire elemental
   423 | D        | Killed a deep elf pyromancer
   423 | D        | Reached **** piety under Trog
   424 | D        | Reached skill level 10 in Fighting
   424 | D        | Reached skill level 10 in Maces & Flails
   424 | D        | Reached XP level 6. HP: 66/66 MP: 6/6
   424 | D        | Your scales start taking on a golden yellow colour.
   424 | D        | Reached XP level 7. HP: 72/72 MP: 7/7
   424 | D        | Gained mutation: You are resistant to acid. (rCorr) [Yellow
                  | Draconian growth]
   504 | D        | Found a basalt altar of Yredelemnul.
   504 | D        | Found a shadowy altar of Dithmenos.
   504 | D        | Found a sacrificial altar of Ru.
   519 | D        | Reached skill level 1 in Stealth
   574 | D        | Found a hide-covered altar of Uskayaw.
   574 | D        | Found an iron altar of Okawaru.
   574 | D        | Found a bloodstained altar of Trog.
   574 | D        | Found an ornate altar of the Wu Jian Council.
   574 | D        | Noticed a human
   574 | D        | Noticed a human
   580 | D        | Killed a human
   582 | D        | Killed a human
   646 | D        | Reached ***** piety under Trog
   647 | D        | Reached XP level 8. HP: 81/82 MP: 8/8
   720 | D        | Found a blossoming altar of Fedhas.
   720 | D        | Found a stormy altar of Qazlal.
   720 | D        | Found a snail-covered altar of Cheibriados.
   720 | D        | Found a burning altar of Makhleb.
   720 | D        | Found a shimmering altar of Xom.
   721 | D        | Found a hazy altar of Hepliaklqana.
   721 | D        | Found an opulent altar of Gozag.
   721 | D        | Found a sparkling altar of Nemelex Xobeh.
   721 | D        | Found a corrupted altar of Lugonu.
   721 | D        | Found a viscous altar of Jiyva.
   964 | D        | Noticed a two-headed ogre
   981 | D        | Killed a two-headed ogre
   982 | D        | Reached skill level 10 in Dodging
  1236 | D        | Noticed a two-headed ogre
  1236 | D        | Noticed Erolcha
  1241 | D        | Killed Erolcha
  1242 | D        | Reached XP level 9. HP: 93/93 MP: 9/9
  1249 | D        | Killed a two-headed ogre
  1252 | D        | Received a gift from Trog
  1255 | D        | Reached ****** piety under Trog
  1324 | D        | Found Xeata's General Store.
  1327 | D        | Noticed an orc sorcerer
  1328 | D        | Received a gift from Trog
  1332 | D        | Noticed a red devil
  1333 | D        | Noticed a red devil
  1339 | D        | Killed an orc sorcerer
  1339 | D        | Received a gift from Trog
  1340 | D        | Reached skill level 15 in Maces & Flails
  1614 | D        | Bought a potion of invisibility for 112 gold pieces
  1639 | D        | Noticed a deep elf pyromancer
  1639 | D        | Noticed a deep elf knight
  1639 | D        | Noticed a deep elf zephyrmancer
  1639 | D        | Noticed a deep elf knight
  1639 | D        | Noticed a deep elf pyromancer
  1648 | D        | Killed a deep elf knight
  1649 | D        | Reached XP level 10. HP: 103/103 MP: 3/10
  1649 | D        | Killed a deep elf zephyrmancer
  1649 | D        | Received a gift from Trog
  1655 | D        | Killed a deep elf knight
  1659 | D        | Killed a deep elf pyromancer
  1660 | D        | Reached skill level 1 in Evocations
  1660 | D        | Killed a deep elf pyromancer
  1660 | D        | Received a gift from Trog
  1661 | D        | Reached skill level 15 in Fighting
  2061 | D        | Reached skill level 5 in Stealth
  2120 | D        | Noticed a cane toad
  2120 | D        | Noticed a cane toad
  2124 | D        | Killed a cane toad
  2126 | D        | Killed a cane toad
  2130 | D        | Identified the +6 great mace of Killer Klown's Regret
                  | {vorpal, rF+ Str+4 SInv} (Trog gifted it to you in the
                  | Dungeon)
  2130 | D        | Received a gift from Trog
  2259 | D        | Reached XP level 11. HP: 112/114 MP: 11/11
  2262 | D        | Noticed a lindwurm
  2270 | D        | Killed a lindwurm
  2336 | D        | Noticed Urug
  2339 | D        | Killed Urug
  2339 | D        | Received a gift from Trog
  2428 | D        | Noticed a seven-headed hydra
  2428 | D        | Noticed a seven-headed hydra
  2447 | D        | Killed a seven-headed hydra
  2467 | D        | Killed a seven-headed hydra
  2756 | D        | Noticed a death drake
  2761 | D        | Killed a death drake
  2872 | D        | Noticed an anaconda
  2872 | D        | Noticed an anaconda
  2887 | D        | Killed an anaconda
  2887 | D        | Received a gift from Trog
  2890 | D        | Noticed an anaconda
  2890 | D        | Killed an anaconda
  2894 | D        | HP: 7/174 [constriction (2)]
  2895 | D        | Killed an anaconda
  3309 | D        | Received a gift from Trog
  3327 | D        | Noticed an anaconda
  3343 | D        | Killed an anaconda
  3776 | D        | Identified the +8 dire flail of Trog's Brutal Revenge
                  | {vorpal, rElec rC+ rN+} (Trog gifted it to you in the
                  | Dungeon)
  3776 | D        | Received a gift from Trog
  3804 | D        | Noticed Edmund
  3805 | D        | Noticed Sigmund
  3811 | D        | Killed Edmund
  3812 | D        | Reached XP level 12. HP: 127/127 MP: 12/12
  3817 | D        | Killed Sigmund
  3919 | D        | Received a gift from Trog
  4080 | D        | Found Tyliff's Antique Armour Emporium.
  4080 | D        | Found Ischeucon's Distillery.
  4080 | D        | Found Miuhofry's Jewellery Boutique.
  4080 | D        | Found Caudus's Book Shoppe.
  4080 | D        | Found Hetocoak's Antique Weapon Boutique.
  4080 | D        | Found Mewiel's Antique Weapon Emporium.
  4080 | D        | Found Tosoeps's Book Shoppe.
  4080 | D        | Found Ixtearoi's Magic Scroll Shop.
  4080 | D        | Found Midy's Armour Shop.
  4080 | D        | Found Jofoomp's Armour Emporium.
  4080 | D        | Found Luruec's Distillery.
  4128 | D        | Bought an embroidered cloak for 172 gold pieces
  4138 | D        | Bought a scroll of enchant weapon for 82 gold pieces
  4138 | D        | Bought a scroll of fog for 22 gold pieces
  4138 | D        | Bought a scroll of enchant armour for 82 gold pieces
  4145 | D        | Bought a +2 pair of boots of stealth for 215 gold pieces
  4172 | D        | Bought a potion of curing for 36 gold pieces
  4172 | D        | Bought a potion of haste for 120 gold pieces
  4172 | D        | Bought a potion of haste for 120 gold pieces
  4172 | D        | Bought a potion of curing for 36 gold pieces
  4172 | D        | Bought a potion of might for 48 gold pieces
  4172 | D        | Bought a potion of mutation for 96 gold pieces
  4175 | D        | Bought an amulet of regeneration for 330 gold pieces
  4346 | D        | Received a gift from Trog
  4358 | D        | Noticed a centaur warrior
  4364 | D        | Killed a centaur warrior
  4380 | D        | Noticed a fire dragon
  4390 | D        | Killed a fire dragon
  4408 | D        | Reached skill level 10 in Stealth
  4463 | D        | Received a gift from Trog
  4491 | D        | Noticed a yaktaur captain
  4596 | D        | Reached skill level 15 in Dodging
  4673 | D        | Paralysed by an air elemental for 1 turns
  4720 | D        | Noticed Boris
  4727 | D        | Reached XP level 13. HP: 140/140 MP: 13/13
  4733 | D        | Received a gift from Trog
  4745 | D        | Killed Boris
  5064 | D        | Received a gift from Trog
  5098 | D        | Noticed Rupert
  5114 | D        | Killed Rupert
  5273 | D        | Received a gift from Trog
  5286 | D        | Reached skill level 1 in Throwing
  5295 | D        | Noticed an azure jelly
  5295 | D        | Noticed an azure jelly
  5419 | D        | Noticed Polyphemus
  5431 | D        | Killed Polyphemus
  5431 | D        | Received a gift from Trog
  5489 | D        | Noticed an azure jelly
  5489 | D        | Noticed an azure jelly
  5515 | D        | Noticed a dire elephant
  5515 | D        | Noticed a dire elephant
  5515 | D        | Noticed Gastronok
  5527 | D        | Killed a dire elephant
  5534 | D        | Killed a dire elephant
  5543 | D        | Killed Gastronok
  5543 | D        | Received a gift from Trog
  5590 | D        | Killed an azure jelly
  5594 | D        | Killed an azure jelly
  5599 | D        | Killed an azure jelly
  5604 | D        | Killed an azure jelly
  5605 | D        | Gained mutation: You have acidic saliva. [Yellow Draconian
                  | growth]
  5605 | D        | Reached XP level 14. HP: 157/157 MP: 14/14
  5806 | D        | Found a blossoming altar of Fedhas.
  5810 | D        | Received a gift from Trog
  5911 | D        | Noticed a nagaraja
  5913 | D        | Found Jonyf's Antique Armour Shop.
  5913 | D        | Found Ceefilev's Jewellery Shoppe.
  5922 | D        | Killed a nagaraja
  5922 | D        | Received a gift from Trog
  5930 | D        | Found Dipsam's Magic Scroll Boutique.
  5971 | D        | Bought a glowing cloak for 180 gold pieces
  5974 | D        | Bought a scroll of blinking for 105 gold pieces
  5990 | D        | Got a serpentine rune of Zot
  6137 | D        | Received a gift from Trog
  6163 | D        | Received a gift from Trog
  6176 | D        | Received a gift from Trog
  6190 | D        | Received a gift from Trog
  6290 | D        | Bought a scroll of holy word for 105 gold pieces
  6310 | D        | Identified the +7 rapier of Axtiawk {antimagic, Str+3}
  6315 | D        | Noticed a deep elf master archer
  6514 | D        | Identified the ring of Incredulity {rPois rF++ Dex+4 SInv
                  | Stlth-}
  6769 | D        | Identified the +3 trident of Cyri {vorpal, *Rage rC+ Dex+4}
  6774 | D        | Received a gift from Trog
  6775 | D        | Noticed an Executioner
  6790 | D        | Shot with an arrow by a deep elf master archer

Illustrated notes

Levels and vault maps discovered:
D:        dungeon_sprint_mu [sprint_mu_entry_cave, sprint_mu_temple_rooms,
          sprint_mu_d1_spiders, sprint_mu_d2_genie, sprint_mu_d3_branching,
          sprint_mu_orc_legion, sprint_mu_elf_gauntlet, sprint_mu_hive_nellie,
          sprint_mu_lair_fedhas, sprint_mu_vaults_butterflies,
          sprint_mu_slime_circle, sprint_mu_shoals_archi,
          sprint_mu_snake_twists, sprint_mu_blade_basic, sprint_mu_crypt_lich,
          sprint_mu_tomb_spiral, sprint_mu_vestibule_basic,
          sprint_mu_gehenna_hellfire, sprint_mu_dis_giant,
          sprint_mu_tartarus_statrot, sprint_mu_cocytus_islands, sprint_mu_zot1]

Skill      XL: |  1  2  3  4  5  6  7  8  9 10 11 12 13 14 |
---------------+-------------------------------------------+-----
Dodging        | 4 5 8 9 10 11 12 13 15 17 18 | 18.5
Fighting       | 5 6 7 10 11 13 14 15 17 20 23 24 | 24.3
Maces & Flails | 4 6 10 11 13 15 17 20 22 23 24 | 24.6
Stealth        | 1 3 4 5 8 10 11 | 11.6
Evocations     | 1 2 |  2.1
Throwing       | 2 3 |  3.0

Action                   |  1- 3 |  4- 6 |  7- 9 | 10-12 | 13-15 || total
-------------------------+-------+-------+-------+-------+-------++-------
Melee: Mace              |    32 |    12 |    80 |       |       ||   124
       Tailslap          |     2 |     2 |    12 |    28 |    50 ||    94
       Punch             |     1 |       |     1 |       |       ||     2
       Dire flail        |       |       |    13 |       |    23 ||    36
       Great mace        |       |       |     2 |   234 |   262 ||   498
       Bite              |       |       |       |       |    10 ||    10
Throw: Dart              |       |       |       |       |    10 ||    10
       Javelin           |       |       |       |       |     1 ||     1
Invok: Berserk           |     3 |     1 |     6 |    10 |    11 ||    31
       Brothers in Arms  |       |       |       |       |     3 ||     3
 Abil: Breathe Acid      |       |       |     6 |     6 |     3 ||    15
Evoke: Tin of tremorston |       |       |     2 |       |     2 ||     4
       Phantom mirror    |       |       |       |       |     1 ||     1
  Use: Potion            |     2 |       |       |     2 |     1 ||     5
       Scroll            |       |       |       |       |     1 ||     1
 Stab: Sleeping          |       |     1 |     1 |     9 |     1 ||    12
Armor: Skin              |     6 |     2 |     9 |    46 |    78 ||   141
Dodge: Dodged            |    18 |     4 |    51 |   157 |   194 ||   424

Table legend: (Time is in decaauts)
 A = Elapsed time spent in this place.
 B = Non-inter-level travel time spent in this place.
 C = Inter-level travel time spent in this place.
 D = Time resting spent in this place.
 E = Time spent auto-exploring this place.
 F = Levels seen in this place.
 G = Mean time per level.
                   A        B        C        D        E       F      G
               +--------+--------+--------+--------+--------+-----+--------+
         Total |   6910 |   6910 |      0 |   4259 |    123 |   1 | 6910.0 |
       Dungeon |   6910 |   6910 |      0 |   4259 |    123 |   1 | 6910.0 |
               +--------+--------+--------+--------+--------+-----+--------+

Top non-repeatable levels by time:
       D: 6910 daAuts
